AoeStats
← MrOizo

Hill Fort

504283869Analyzed
4v4 RM · 28d ago on Sep 4, 2026· 52m 33s· 8 players
Game mode
Random Map
Map size
Large (8 player)
Population
200
Speed
Normal
Resources
Standard
Victory
Conquest
Starting age
Dark Age
Ending age
Imperial Age
RankedLock teamsTeams togetherTeam positionsShared explorationLock speedFull tech treeHidden civsTurbo modeCheats
Victory
Defeat
🇹🇷 Persians · Türkiye
699
+15
🇭🇺 Britons · Hungary
687
+15
🇹🇷 Maya · Türkiye
656
+17
🇧🇪 Hindustanis · Belgium
619
+18
🇸🇪 Britons · Sweden
727
-20
🇸🇪 Teutons · Sweden
710
-18
🇸🇪 Bohemians · Sweden
630
-14
🇩🇪 Poles · Germany
606
-13
Bolin
12:03 Feudal Age
18:41 Double-Bit Axe
22:06 Castle Age
19:52 Horse Collar
21:36 Gold Mining
21:36 Stone Mining
22:38 Pikeman
23:46 Caravan
25:17 Bow Saw
24:52 Man-at-Arms
27:29 Squires
31:09 Crossbowman
33:16 Grand Trunk Road
35:25 Thumb Ring
38:20 Imperial Age
36:27 Fletching
38:17 Ballistics
38:27 Heavy Plow
39:10 Wheelbarrow
38:45 Bodkin Arrow
39:01 Forging
38:55 Heavy Camel Rider
41:01 Chemistry
40:32 Masonry
41:04 Conscription
41:08 Imperial Camel Rider
42:31 Elite Ghulam
44:37 Husbandry
44:47 Siege Engineers
44:37 Murder Holes
46:01 Hand Cart
46:52 Bracer
46:53 Padded Archer Armor
48:12 Scale Mail Armor
48:48 Iron Casting
Merginator44
0:44 Loom
13:29 Feudal Age
16:45 Horse Collar
16:55 Double-Bit Axe
23:43 Castle Age
23:45 Gold Mining
23:50 Stone Mining
26:35 Bow Saw
28:16 Wheelbarrow
27:27 Town Watch
27:25 Fishing Lines
29:10 Padded Archer Armor
29:02 Fletching
29:24 Forging
29:15 Scale Mail Armor
28:50 Elite Skirmisher
30:45 Hand Cart
30:31 Town Patrol
33:12 Ballistics
32:48 Murder Holes
32:34 Treadmill Crane
33:05 Masonry
38:07 Imperial Age
35:55 Caravan
35:52 Bodkin Arrow
38:43 Thumb Ring
38:57 Hul'che Javelineers
39:20 Conscription
39:37 Hoardings
40:57 Chemistry
40:38 Leather Archer Armor
40:58 Capped Ram
42:59 Heavy Scorpion
46:04 Bracer
46:34 Ring Archer Armor
46:40 Heavy Plow
46:43 Elite Plumed Archer
46:49 Pikeman
47:30 Squires
48:19 Halberdier
51:41 Crop Rotation
juhamate7
7:15 Loom
11:00 Feudal Age
22:48 Castle Age
23:49 Fletching
23:59 Padded Archer Armor
24:51 Crossbowman
26:54 Bodkin Arrow
27:14 Leather Archer Armor
26:49 Double-Bit Axe
39:30 Ballistics
39:22 Horse Collar
40:37 Wheelbarrow
43:47 Imperial Age
44:00 Imperial Age
41:55 Town Watch
41:38 Elite Skirmisher
47:31 Bow Saw
49:07 Heavy Plow
49:56 Elite Longbowman
50:59 Yeomen
51:33 Stone Mining
51:33 Gold Mining
51:56 Bracer
Chairman32
15:54 Feudal Age
16:38 Gold Mining
16:41 Stone Mining
16:37 Double-Bit Axe
16:35 Horse Collar
24:11 Castle Age
24:54 Bow Saw
25:24 Gold Shaft Mining
27:11 Stone Shaft Mining
26:38 Heavy Plow
27:31 Forging
27:26 Scale Barding Armor
29:23 Iron Casting
30:11 Caravan
36:17 Imperial Age
35:28 Chain Barding Armor
38:00 Crop Rotation
38:32 Blast Furnace
38:07 Plate Barding Armor
38:45 Two-Man Saw
38:14 Husbandry
38:24 Bloodlines
38:36 Loom
39:28 Conscription
41:03 Wheelbarrow
41:20 Elite War Elephant
43:52 Hand Cart
43:24 Town Watch
46:30 Town Patrol
IchMagApf3lSaft
4:16 Loom
8:22 Feudal Age
9:50 Double-Bit Axe
9:48 Horse Collar
11:43 Wheelbarrow
16:52 Town Watch
20:45 Scale Barding Armor
20:39 Gold Mining
24:08 Castle Age
23:30 Stone Mining
25:05 Bow Saw
27:27 Chain Barding Armor
29:06 Stone Shaft Mining
29:52 Hand Cart
29:56 Heavy Plow
33:29 Pikeman
34:10 Squires
33:56 Arson
37:43 Imperial Age
35:05 Light Cavalry
35:55 Bloodlines
35:45 Husbandry
36:29 Town Patrol
37:50 Caravan
38:04 Fortified Wall
39:29 Crop Rotation
40:12 Chemistry
39:46 Winged Hussar
42:51 Lechitic Legacy
42:50 Szlachta Privileges
jenjak
0:28 Loom
12:32 Feudal Age
13:13 Double-Bit Axe
14:24 Town Watch
16:57 Horse Collar
22:43 Castle Age
22:13 Scale Mail Armor
22:04 Fletching
23:25 Pikeman
25:48 Town Patrol
26:30 Wheelbarrow
26:32 Bodkin Arrow
26:47 Forging
27:40 Murder Holes
28:59 Town Patrol
30:04 Elite Skirmisher
32:04 Chemistry
40:24 Imperial Age
38:37 Padded Archer Armor
40:59 Hand Cart
41:02 Chain Mail Armor
41:00 Heavy Plow
41:36 Conscription
49:01 Plate Mail Armor
48:42 Caravan
MrOizo
11:08 Feudal Age
12:56 Double-Bit Axe
13:54 Wheelbarrow
18:44 Castle Age
25:24 Bow Saw
28:27 Padded Archer Armor
28:18 Fletching
30:35 Yeomen
33:25 Imperial Age
32:31 Leather Archer Armor
33:46 Ballistics
33:23 Murder Holes
33:30 Gold Mining
33:58 Hand Cart
33:52 Elite Skirmisher
37:41 Warwolf
41:08 Ring Archer Armor
40:33 Bodkin Arrow
44:21 Heavy Scorpion
48:57 Gold Shaft Mining
48:59 Elite Longbowman
50:18 Hoardings
53:48 Chemistry
Chihiro
0:54 Loom
12:21 Feudal Age
13:02 Double-Bit Axe
12:59 Horse Collar
19:52 Stone Mining
22:57 Castle Age
23:20 Fletching
24:05 Bow Saw
23:58 Heavy Plow
24:42 Stone Shaft Mining
26:57 Forging
28:06 Gold Mining
30:07 Fortified Wall
31:38 Wheelbarrow
30:50 Town Watch
35:24 Hand Cart
35:10 Town Patrol
44:34 Imperial Age
43:49 Ballistics
43:29 Bodkin Arrow
44:10 Iron Casting
43:35 Scale Mail Armor
43:36 Padded Archer Armor
45:09 Elite Teutonic Knight
48:16 Conscription
49:18 Two-Man Saw
51:00 Chemistry
49:43 Capped Ram
50:00 Cavalier
51:06 Crenellations
51:23 Hoardings
Connection lost

Rejoining the realm…

Still unreachable

The connection could not be restored.

Session expired

The server has moved on; the page needs a fresh start.